 Dungeon Crawl Stone Soup version 0.30.0-29-ga12c61a403 (webtiles) character file.

Game seed: 11795973205854487776

763 LustLizard the Conjurer (level 7, -1/45 HPs)
             Began as an Octopode Conjurer on June 8, 2023.
             Was a Follower of Uskayaw.
             Slain by a sky beast (5 damage)
             ... on level 6 of the Dungeon.
             The game lasted 00:13:17 (7506 turns).

LustLizard the Conjurer (Octopode Conjurer)         Turns: 7506, Time: 00:13:17

Health: -1/45      AC:  1    Str:  8    XL:     7   Next: 81%
Magic:  20/20      EV: 18    Int: 20    God:    Uskayaw [*.....]
Gold:   373        SH:  0    Dex: 17    Spells: 7/12 levels left

rFire   . .          .
                       - Unarmed
rCold   . . .        (no shield)
rNeg    . . .        (helmet restricted)
rPois   .            p - amulet of magic regeneration
rElec   .            j - +5 ring of evasion
rCorr   .            r - ring of magical power
SInv    .            s - +6 ring of dexterity
Will    .....        (no ring)
Stlth   ++++         (no ring)
HPRegen 0.27/turn    (no ring)
MPRegen 0.57/turn    (no ring)
                     (no ring)

%: no passive effects
@: no status effects
A: almost no armour, amphibious, 8 rings, camouflage 1, gelatinous body 1,
(nimble swimmer 1), tentacles
a: Renounce Religion, Stomp


You were on level 6 of the Dungeon.
You worshipped Uskayaw.
Uskayaw was noncommittal.
You visited 1 branch of the dungeon, and saw 6 of its levels.

You collected 373 gold pieces.

Inventory:

Jewellery
 j - a +5 ring of evasion (left tentacle)
 p - an amulet of magic regeneration (around mantle)
 r - a ring of magical power (right tentacle)
 s - a +6 ring of dexterity (on tentacle)
 u - an amulet of reflection
Wands
 k - a wand of paralysis (9)
 l - a wand of roots (16)
Scrolls
 c - a scroll of fear {unknown}
 d - a scroll of silence {unknown}
 e - 2 scrolls of immolation {unknown}
 f - 2 scrolls of magic mapping {unknown}
 g - 2 scrolls of amnesia {unknown}
 i - a scroll of butterflies
 o - a scroll of teleportation {unknown}
 t - a scroll of poison {unknown}
Potions
 a - a potion of magic
 b - a potion of flight
 h - 2 potions of curing
 m - a potion of invisibility
 n - a potion of attraction {unknown}
 q - a potion of ambrosia {unknown}


   Skills:
 + Level 2.2 Fighting
 - Level 2.0 Dodging
 - Level 4.0 Stealth
 * Level 3.6 Unarmed Combat
 + Level 3.1 Spellcasting
 * Level 5.4 Conjurations
 * Level 2.8 Hexes
 * Level 3.5 Invocations


You had 7 spell levels left.
You knew the following spells:

 Your Spells              Type           Power      Damage    Failure   Level
a - Magic Dart            Conj           100%       1d8       1%          1
b - Fulminant Prism       Conj/Hex       9%         3d7       26%         4

Your spell library contained the following spells:

 Spells                   Type           Power      Damage    Failure   Level
 Searing Ray              Conj           50%        2d6       2%          2
 Dazzling Flash           Conj/Hex       38%        N/A       8%          3
 Apportation              Tloc           6%         N/A       14%         1
 Necrotise                Necr           12%        1d4       14%         1
 Summon Small Mammal      Summ           12%        N/A       14%         1
 Inner Flame              Hex/Fire       8%         N/A       24%         3
 Gell's Gravitas          Tloc           3%         N/A       38%         3
 Teleport Other           Tloc           3%         N/A       38%         3
 Flame Wave               Conj/Fire      14%        2d6       41%         4
 Iskenderun's Mystic Bla  Conj/Tloc      14%        2d5       41%         4
 Sticky Flame             Conj/Fire      14%        2d4       41%         4
 Conjure Ball Lightning   Conj/Air       7%         3x3d6     100%        6
 Dispersal                Tloc           1%         N/A       100%        6
 Discord                  Hex            7%         N/A       100%        8
 Disjunction              Tloc           1%         N/A       100%        8


Dungeon Overview and Level Annotations

Branches:
Dungeon (6/15)
 Temple: D:4-7

Altars:
Elyvilon
Uskayaw

Shops:
D:2 [   D:4 :

Annotations:
D:4 exclusions: lemure, ogre and 1 more exclusion, Dowan, Pikel
D:5 Sigmund


Innate Abilities, Weirdness & Mutations

You cannot wear most types of armour.
You are amphibious.
You can wear up to eight rings at the same time.
Your skin changes colour to match your surroundings (Stealth+).
Your rubbery body absorbs attacks. (AC +1, EV +1)
((You are camouflaged when in or above water. (Stealth+)))
You have tentacles for arms and can constrict up to eight enemies at once.


Message History

Deactivating autopickup; reactivate with Ctrl-A.
You can now pass through a line of other dancers.
Okay, then.
Okay, then.
Okay, then.
Okay, then.
Okay, then.
Okay, then.
Okay, then.
Okay, then.
No target in view!
You closely miss something. You miss something.
Something hits you but does no damage.
You miss something. You squeeze something!
Reactivating autopickup.
You feel a bit more experienced.
A sky beast comes into view.
The helpless sky beast fails to defend itself.
You tentacle-slap the sky beast but do no damage.
Your squeeze misses the sky beast. The sky beast hits you.
The sky beast shocks you.
You tentacle-slap the sky beast but do no damage.
You squeeze the sky beast, but do no damage.
The sky beast flickers out of sight!
Deactivating autopickup; reactivate with Ctrl-A.
Something hits you. Something shocks you.
No target in view!
No target in view!
You miss something. Something hits you. Something shocks you.
You tentacle-slap something. Something hits you. Something shocks you.
You barely miss something. Your squeeze misses something. Something hits you.
* * * LOW HITPOINT WARNING * * *
Something shocks you.
* * * LOW HITPOINT WARNING * * *
You miss something.
Your tentacle-slap misses something.
Something barely misses you.
You miss something. Your squeeze misses something. Something hits you.
* * * LOW HITPOINT WARNING * * *
Something shocks you.
You die...

##################
#.................
#.################
#@# #{# ###### #.#
#..... #.# #.####
#.# #.# #.# #.#
..# #.# #.#
#######.####
............


There were no monsters in sight!

Vanquished Creatures
  A sky beast (D:6)
  A phantom (D:5)
  2 hounds (D:5)
  A jelly (D:5)
  A gnoll bouda (D:4)
  3 iguanas (D:5)
  2 orc wizards (D:5)
  Robin (D:3)
  14 gnolls
  8 adders
  4 worms
  3 dart slugs
  13 orcs
  3 bats
  8 endoplasms
  A giant cockroach (D:1)
  13 goblins
  8 hobgoblins
  6 jackals
  4 quokkas
  13 ball pythons
  A frilled lizard (D:1)
  8 kobolds
  3 rats
122 creatures vanquished.

Notes
Turn   | Place    | Note
-------+----------+-------------------------------------------
     0 | D:1      | LustLizard the Octopode Conjurer began the quest for the
                  | Orb.
     0 | D:1      | Reached XP level 1. HP: 11/11 MP: 3/3
   321 | D:1      | Reached XP level 2. HP: 12/17 MP: 5/5
   376 | D:1      | Reached skill level 1 in Unarmed Combat
   481 | D:1      | Found a faded altar of an unknown god.
   507 | D:1      | Prayed at the altar of an unknown god.
   507 | D:1      | Became a worshipper of Uskayaw the Reveller
   507 | D:1      | Reached * piety under Uskayaw
   644 | D:1      | Reached ** piety under Uskayaw
  1304 | D:2      | Reached XP level 3. HP: 22/22 MP: 4/6
  1339 | D:2      | Found Vusotaunu's Antique Armour Boutique.
  1882 | D:2      | Reached skill level 1 in Invocations
  2356 | D:3      | Noticed a phantom
  2509 | D:3      | Reached XP level 4. HP: 27/27 MP: 2/7
  2581 | D:3      | Noticed Robin
  2816 | D:3      | Learned a level 4 spell: Fulminant Prism
  2898 | D:3      | Reached skill level 1 in Fighting
  2988 | D:3      | Reached XP level 5. HP: 22/33 MP: 1/8
  3395 | D:3      | Killed Robin
  3995 | D:4      | Noticed Pikel
  4015 | D:4      | Reached *** piety under Uskayaw
  4016 | D:4      | Reached skill level 1 in Hexes
  4178 | D:4      | Found Xoreocuts's Book Shop.
  4178 | D:4      | Noticed Dowan
  4279 | D:4      | Noticed an ogre
  4326 | D:4      | Found a white marble altar of Elyvilon.
  4553 | D:4      | Reached XP level 6. HP: 27/38 MP: 5/9
  5031 | D:3      | Found a hide-covered altar of Uskayaw.
  5741 | D:5      | Entered Level 5 of the Dungeon
  5833 | D:5      | Noticed Sigmund
  5883 | D:5      | Reached **** piety under Uskayaw
  6022 | D:4      | Reached skill level 5 in Conjurations
  6193 | D:5      | Reached XP level 7. HP: 27/44 MP: 0/11
  7506 | D:6      | Slain by a sky beast

Illustrated notes

Levels and vault maps discovered:
D:1:      denvon_arrival_planthouse, layout_basic,
          dreamdust_ecumenical_altar_statues
D:2:      minmay_razor_zed, layout_basic, serial_shops,
          nicolae_shop_hallway_stairs, minmay_split_cup_small
D:3:      layout_basic, eat_drink_and_be_merry_uskayaw, minmay_cupped,
          uniq_robin
D:4:      layout_basic, nicolae_elyvilon_peaceful_grove, serial_shops,
          nicolae_diamond_shop, uniq_pikel, uniq_duvessa
D:5:      layout_loops_ring, uniq_sigmund
D:6:      layout_basic, nemelex_altar_shiori, nicolae_ru_path_of_blood,
          uniq_prince_ribbit1

Skill      XL: |  1  2  3  4  5  6  7 |
---------------+----------------------+-----
Unarmed Combat | 1 2 3 |  3.6
Stealth        | 3 4 |  4.0
Invocations    | 1 2 3 |  3.5
Fighting       | 1 2 |  2.2
Hexes          | 1 2 |  2.8
Conjurations   | 5 |  5.4
Spellcasting   | 3 |  3.1
Dodging        | |  2.0

Action                     |  1- 3 |  4- 6 |  7- 9 || total
---------------------------+-------+-------+-------++-------
  Melee: Unarmed           |    44 |    68 |    26 ||   138
         Tentacles         |    12 |    11 |     9 ||    32
         Constrict         |    10 |    11 |     5 ||    26
         Punch             |     1 |     3 |       ||     4
   Cast: Magic Dart        |    64 |   193 |    61 ||   318
    Use: Scroll            |     5 |     2 |     1 ||     8
   Stab: Sleeping          |     7 |       |     1 ||     8
         Paralysed         |       |     2 |     2 ||     4
 Armour: Skin              |     3 |     2 |     1 ||     6
  Dodge: Dodged            |    34 |    86 |    16 ||   136
